 Dungeon Crawl Stone Soup version 0.24.0-37-gcf1ca852f1 (webtiles) character file.

Game seed: 11363784338208717688, levelgen mode: deterministic

1222 PentaManta the Cudgeler (level 8, -4/46 HPs)
             Began as a Gargoyle Monk on Dec 2, 2019.
             Was a Priest of Okawaru.
             Slain by an orc warrior
             ... wielding a +0 dire flail
              (14 damage)
             ... on level 6 of the Dungeon.
             The game lasted 00:18:12 (6252 turns).

PentaManta the Cudgeler (Gargoyle Monk)             Turns: 6252, Time: 00:18:13

Health: -4/46      AC: 15    Str: 17    XL:     8   Next: 47%
Magic:  8/8        EV: 14    Int: 11    God:    Okawaru [***...]
Gold:   146        SH:  0    Dex: 12    Spells: 7/7 levels left

rFire    + . .     SeeInvis .   g - +1 mace (crush)
rCold    . . .     Gourm    .   (no shield)
rNeg     + . .     Faith    +   a - +3 leather armour {rF+}
rPois    ∞         Spirit   .   e - +0 helmet
rElec    +         Reflect  .   b - +0 cloak
rCorr    +         Harm     .   (no gloves)
MR       .....                  l - +0 pair of boots
Stlth    +.........             D - amulet of faith
HPRegen  0.15/turn              r - ring of attention (curse)
MPRegen  0.11/turn              d - ring of resist corrosion

@: no status effects
A: negative energy resistance 1, electricity resistance, unbreathing,
petrification resistance, rot immunity, AC +5
a: Heroism, Renounce Religion


You were on level 6 of the Dungeon.
You worshipped Okawaru.
Okawaru was most pleased with you.
You were not hungry.

You visited 2 branches of the dungeon, and saw 9 of its levels.

You collected 146 gold pieces.

Inventory:

Hand Weapons
 g - a +1 mace of crushing (weapon)
 m - a +0 whip
 o - a +0 flail
 p - a +0 short sword of venom
 C - a +1 morningstar
Missiles
 v - 9 poisoned darts (quivered)
Armour
 a - a +3 leather armour of fire resistance (worn)
 b - a +0 cloak (worn)
 e - a +0 helmet (worn)
 l - a +0 pair of boots (worn)
Jewellery
 d - a ring of resist corrosion (right hand)
 j - an uncursed ring of protection from cold
 r - a cursed ring of attention (left hand)
 D - an amulet of faith (around neck)
Wands
 x - a wand of acid (13)
Scrolls
 n - a scroll of teleportation
 q - a scroll of fog
 s - a scroll of enchant weapon
 t - a scroll of noise
Potions
 f - 4 potions of agility
 h - 2 potions of flight
 i - 4 potions of curing
 k - 2 potions of mutation
 z - 2 potions of heal wounds
 A - a potion of ambrosia {unknown}
 B - a potion of berserk rage {unknown}
Comestibles
 c - 10 rations


   Skills:
 - Level 3.2 Fighting
 * Level 7.7 Maces & Flails
 + Level 5.1 Armour
 + Level 4.7 Dodging
 - Level 2.1 Stealth


You had 7 spell levels left.
You didn't know any spells.
Your spell library was empty.

Dungeon Overview and Level Annotations

Branches:
Dungeon (8/15)             Temple (1/1) D:5
   Lair: D:8-11

Altars:
Ashenzari
Cheibriados
Dithmenos
Elyvilon
Fedhas
Gozag
Hepliaklqana
Makhleb
Okawaru
Qazlal
Ru
Trog
Uskayaw
Vehumet
Xom
Yredelemnul
Zin
The Shining One

Annotations:
D:6 1 runed translucent door, diiiiiane's ghost, novice OpAs


Innate Abilities, Weirdness & Mutations

You are resistant to torment.
Your stone body is resilient. (AC +5)
You are immune to poison.
You resist negative energy. (rN+)
You are resistant to electric shocks. (rElec)
You can survive without breathing.
You are immune to petrification.
You are immune to rotting.


Message History

The orc warrior hits you with a +0 dire flail.
You closely miss the orc warrior.
The orc warrior is almost dead.
The orc warrior hits you with a +0 dire flail.
You barely miss the orc warrior.
The orc warrior is almost dead.
You barely miss the orc warrior.
The orc warrior is almost dead.
The orc warrior barely misses you.
You hit the orc warrior but do no damage.
The orc warrior is almost dead.
The orc warrior hits you with a +0 dire flail!
You closely miss the orc warrior.
The orc warrior is almost dead.
The orc warrior hits you with a +0 dire flail.
* * * LOW HITPOINT WARNING * * *
You hit the orc warrior but do no damage.
The orc warrior is almost dead.
The orc warrior hits you with a +0 dire flail!
You die...

### #.#
#.##########
#...........
#.##########
#.# ### #.#
.....########.#
#ooo@......#
.....##########
... . .....
#.#.#


You could see an orc warrior and 2 orcs.

Vanquished Creatures
  Eustachio (D:5)
  An ice beast (D:6)
  A phantom (D:7)
  2 centaurs (D:5)
  An ogre (D:6)
  A bullfrog (D:6)
  A howler monkey (D:5)
  A crimson imp (D:5)
  A hound (D:5)
  2 orc wizards
  A bullfrog skeleton (D:6)
  A gnoll shaman (D:3)
  2 orc priests
  A worker ant (D:5)
  A hound zombie (D:7)
  A hound skeleton (D:4)
  5 gnolls
  A howler monkey skeleton (D:5)
  8 adders
  2 shadow imps (D:5)
  An ooze (D:4)
  2 adder skeletons
  3 worms (D:2)
  2 dart slugs (D:1)
  3 leopard geckos
  23 orcs
  2 giant cockroaches
  11 hobgoblins
  4 jackals (D:2)
  A quokka (D:4)
  A ball python (D:3)
  6 bats
  7 frilled lizards
  5 goblins
  6 kobolds
  A leopard gecko skeleton (D:5)
  A leopard gecko zombie (D:5)
  A quokka skeleton (D:5)
  8 rats
123 creatures vanquished.

Vanquished Creatures (others)
  A fungus (D:4)
1 creature vanquished.

Grand Total: 124 creatures vanquished

Notes
Turn   | Place    | Note
-------+----------+-------------------------------------------
     0 | D:1      | PentaManta the Gargoyle Monk began the quest for the Orb.
     0 | D:1      | Reached XP level 1. HP: 14/14 MP: 1/1
   228 | D:1      | Reached XP level 2. HP: 19/19 MP: 2/2
   399 | D:1      | Reached skill level 1 in Armour
   755 | D:2      | Reached XP level 3. HP: 21/23 MP: 3/3
  1258 | D:2      | Reached skill level 4 in Maces & Flails
  1306 | D:2      | Reached XP level 4. HP: 26/28 MP: 4/4
  2116 | D:3      | Reached XP level 5. HP: 32/32 MP: 5/5
  2984 | D:3      | Reached skill level 5 in Maces & Flails
  3119 | D:3      | Reached XP level 6. HP: 21/37 MP: 6/6
  3469 | D:4      | Found a blossoming altar of Fedhas.
  3471 | D:4      | Found a stormy altar of Qazlal.
  3985 | D:5      | Entered Level 5 of the Dungeon
  4016 | D:5      | Found a staircase to the Ecumenical Temple.
  4022 | D:5      | Noticed Eustachio
  4028 | Temple   | Entered the Ecumenical Temple
  4042 | Temple   | Became a worshipper of Warmaster Okawaru
  4042 | Temple   | Reached * piety under Okawaru
  4042 | Temple   | Reached ** piety under Okawaru
  4508 | D:5      | Killed Eustachio
  4508 | D:5      | Reached skill level 6 in Maces & Flails
  4508 | D:5      | Reached XP level 7. HP: 22/41 MP: 7/7
  4714 | D:5      | You fall into a shaft and drop 2 floors!
  5032 | D:6      | Found a runed translucent door.
  5032 | D:6      | Noticed diiiiiane's ghost (novice OpAs)
  5260 | D:5      | Reached *** piety under Okawaru
  5623 | D:5      | Reached XP level 8. HP: 46/46 MP: 8/8
  5855 | D:5      | Reached skill level 7 in Maces & Flails
  5954 | D:5      | Found a white marble altar of Elyvilon.
  5956 | D:5      | Found a shimmering altar of Xom.
  5956 | D:5      | Found a stormy altar of Qazlal.
  5977 | D:5      | Found a hide-covered altar of Uskayaw.
  5977 | D:5      | Found a hide-covered altar of Uskayaw.
  5977 | D:5      | Found a basalt altar of Yredelemnul.
  6175 | D:6      | Reached skill level 5 in Armour
  6252 | D:6      | Slain by an orc warrior

Levels and vault maps discovered:
D:1:      dpeg_arrival_signposts, layout_loops_ring, kennysheep_crisscross
D:2:      layout_basic, minmay_tall_x
D:3:      layout_loops_ring
D:4:      layout_basic, grunt_temple_overflow_forces_of_nature
D:5:      layout_basic, minmay_temple_entry_statues_fountains, first_ration,
          doesnt_xom_only_xom, uniq_eustachio
D:6:      layout_basic, hellmonk_ghost_happy_afterlife
D:7:      layout_gridville, the_bakery, uniq_crazy_yiuf_cottage, uniq_menkaure
D:8:      cheibrodos_shockbox, layout_layer_cave, lemuel_coloured_pillars_altar,
          amethyst_overflow_temple_binary, kennysheep_mini_moat,
          dpeg_lair_monsters, uniq_gastronok
Temple:   eino_temple_scatter_basement

Skill      XL: |  1  2  3  4  5  6  7  8 |
---------------+-------------------------+-----
Armour         | 1 2 3 4 5 |  5.1
Maces & Flails | 4 5 6 7 |  7.7
Dodging        | 3 4 |  4.7
Fighting       | |  3.2
Stealth        | |  2.1

Action                   |  1- 3 |  4- 6 |  7- 9 || total
-------------------------+-------+-------+-------++-------
Melee: Mace              |    55 |    11 |    20 ||    86
       Whip              |    93 |   289 |   164 ||   546
       Flail             |       |    64 |    69 ||   133
Throw: Dart              |       |     3 |       ||     3
Evoke: Wand              |       |       |     2 ||     2
  Use: Scroll            |       |     4 |     7 ||    11
       Potion            |       |     1 |       ||     1
 Stab: Sleeping          |     4 |       |       ||     4
  Eat: Chunk             |     1 |    10 |     4 ||    15
       Ration            |       |       |     1 ||     1
Armor: Robe              |    19 |       |       ||    19
       Ring mail         |    48 |   202 |       ||   250
       Leather armour    |       |       |   101 ||   101
Dodge: Dodged            |    80 |   245 |   155 ||   480
